 Dungeon Crawl Stone Soup version 0.28-a0-1510-gd0f6b136d3 (webtiles) character file.

Game seed: 13849076496248914020

151 bande the Covered (level 5, -8/33 HPs)
             Began as a Gargoyle Fighter on Jan 16, 2022.
             Killed by divine providence
             ... invoked by an orc priest
              (15 damage)
             ... on level 4 of the Dungeon.
             The game lasted 00:04:00 (4119 turns).

bande the Covered (Gargoyle Fighter)                Turns: 4119, Time: 00:04:01

Health: -8/33      AC: 11    Str: 26    XL:     5   Next: 33%
Magic:  5/5        EV:  9    Int:  8    God:
Gold:   699        SH:  4    Dex: 11    Spells: 4/4 levels left

rFire   . . .      SeeInvis +   a - +0 war axe
rCold   . . .      Faith    .   c - +0 buckler
rNeg    + . .      Spirit   .   b - +0 scale mail
rPois   ∞          Reflect  .   (no helmet)
rElec   +          Harm     .   (no cloak)
rCorr   .          Rampage  .   (no gloves)
Will    .....                   (no boots)
Stlth   ..........              (no amulet)
HPRegen 0.11/turn               f - ring of see invisible
MPRegen 0.09/turn               j - +6 ring of strength

@: no status effects
A: sickness immunity, AC +4, negative energy resistance 1, electricity
resistance, torment resistance 1, petrification resistance
a: no special abilities


You were on level 4 of the Dungeon.
You visited 1 branch of the dungeon, and saw 4 of its levels.

You collected 699 gold pieces.

Inventory:

Hand Weapons
 a - a +0 war axe (weapon)
Armour
 b - a +0 scale mail (worn)
 c - a +0 buckler (worn)
Jewellery
 f - a ring of see invisible (left hand)
 j - a +6 ring of strength (right hand)
Scrolls
 g - a scroll of teleportation
Potions
 d - a potion of might
 h - a potion of ambrosia
 i - a potion of heal wounds


   Skills:
 + Level 4.0 Fighting
 + Level 3.6 Axes
 + Level 4.2 Armour
 + Level 3.7 Shields


You had 4 spell levels left.
You didn't know any spells.
Your spell library was empty.

Dungeon Overview and Level Annotations

Branches:
Dungeon (4/15)
 Temple: D:4-7

Altars:

Shops:
D:3 *


Innate Abilities, Weirdness & Mutations

You are immune to sickness and miasma.
Your stone body is resilient. (AC +4)
You are immune to poison.
You resist negative energy. (rN+)
You are resistant to electric shocks. (rElec)
You are resistant to unholy torment.
You are immune to petrification.


Message History

You slash the gnoll!
You kill the gnoll!
The gnoll shaman calls upon its god to speed up the gnoll.
The gnoll seems to speed up.
A gnoll comes into view. It is wielding a +0 halberd.
Your Fighting skill increases to level 4!
A gnoll comes into view. It is wielding a +0 whip.
You see here a +0 whip.
The gnoll shouts!
You slash the gnoll!
You kill the gnoll!
You block the gnoll's attack. The gnoll shaman closely misses you.
You closely miss the gnoll shaman. The gnoll completely misses you.
The gnoll shaman misses you.
You hit the gnoll shaman.
The gnoll shaman is moderately wounded.
You block the gnoll's attack.
The gnoll shaman hits you with a +0 whip.
A kobold comes into view. It is wielding a +0 dagger.
The gnoll barely misses you.
You barely miss the gnoll shaman.
The gnoll shaman is moderately wounded.
You hit the gnoll.
The gnoll shaman hits you with a +0 whip.
The orc priest invokes the aid of Beogh against you.
Pain shoots through your body! The gnoll barely misses you.
The gnoll hits you from afar with a +0 halberd.
The gnoll hits you with a +0 whip. You block the gnoll shaman's attack.
The orc priest invokes the aid of Beogh against you.
Beogh smites you!
* * * LOW HITPOINT WARNING * * *
You see here a +0 whip.
The orc priest invokes the aid of Beogh against you.
Pain shoots through your body!
* * * LOW HITPOINT WARNING * * *
The gnoll shaman calls upon its god to speed up the gnoll.
The gnoll seems to speed up.
The orc priest invokes the aid of Beogh against you.
Beogh smites you!
You die...

.......###....#
.......##....# #...
............# ##..#
............# #...#
..(........# ##...#
..........## #...#
########...#
##...########.
##..###....g).......
#......o@.gg.K.....
##.....#######.....
#..(.## #.. #....#
#......# #.......#
...........
##......###


You could see a gnoll shaman, an orc priest, 2 gnolls and a kobold.

Vanquished Creatures
  An orc priest (D:3)
  4 adders
  2 gnolls (D:4)
  4 worms (D:2)
  A dart slug (D:3)
  3 orcs (D:3)
  6 ball pythons
  5 bats
  5 endoplasms
  3 goblins
  4 hobgoblins
  A jackal (D:4)
  2 quokkas
  3 frilled lizards
  3 kobolds
  5 rats
52 creatures vanquished.

Notes
Turn   | Place    | Note
-------+----------+-------------------------------------------
     0 | D:1      | bande the Gargoyle Fighter began the quest for the Orb.
     0 | D:1      | Reached XP level 1. HP: 14/14 MP: 1/1
   300 | D:1      | Reached XP level 2. HP: 19/19 MP: 2/2
  1130 | D:2      | Identified a scroll of acquirement
  1130 | D:2      | Acquired 541 gold pieces
  1157 | D:2      | Reached XP level 3. HP: 23/23 MP: 3/3
  1677 | D:2      | Reached XP level 4. HP: 18/28 MP: 4/4
  2756 | D:3      | Found Cowua's Assorted Antiques.
  3504 | D:3      | Reached XP level 5. HP: 28/33 MP: 5/5
  4119 | D:4      | Killed from afar by an orc priest

Illustrated notes

Levels and vault maps discovered:
D:1:      shiori_arrival_maze, layout_basic, hangedman_decor_slide_cut
D:2:      layout_loops_ring
D:3:      layout_basic, serial_shops, shop
D:4:      kennysheep_the_goblin_king, layout_layer_cave,
          minmay_temple_entry_slanted, roderic_lattice_a

Skill      XL: |  1  2  3  4  5 |
---------------+----------------+-----
Axes           | 2 3 |  3.6
Armour         | 4 |  4.2
Fighting       | 4 |  4.0
Shields        | |  3.7

Action                   |  1- 3 |  4- 6 || total
-------------------------+-------+-------++-------
Melee: War axe           |    88 |    55 ||   143
  Use: Scroll            |     3 |     3 ||     6
Armor: Scale mail        |    57 |    26 ||    83
Dodge: Dodged            |    43 |    39 ||    82
Block: Buckler           |    24 |    12 ||    36

Table legend: (Time is in decaauts)
 A = Elapsed time spent in this place.
 B = Non-inter-level travel time spent in this place.
 C = Inter-level travel time spent in this place.
 D = Time resting spent in this place.
 E = Time spent auto-exploring this place.
 F = Levels seen in this place.
 G = Mean time per level.
                   A        B        C        D        E       F      G
               +--------+--------+--------+--------+--------+-----+--------+
         Total |   4179 |   4179 |      0 |   1077 |   2610 |   4 | 1044.8 |
       Dungeon |   4179 |   4179 |      0 |   1077 |   2610 |   4 | 1044.8 |
               +--------+--------+--------+--------+--------+-----+--------+

Top non-repeatable levels by time:
     D:3: 1818 daAuts
     D:2: 1148 daAuts
     D:1: 1146 daAuts
     D:4: 65 daAuts
